Map: Ruins of Endion

Players

Pokebunny

  • Race: Terran Terran
  • League: Grandmaster

Bioice - Winner!

  • Race: Zerg Zerg
  • League: Grandmaster

VOD

Have the link to the VOD?

Description

Time

  • Played on: April 6, 2016, 1:20 a.m.
  • Length: 11:53
Show
View Real Time Build Order
Export as new Build Order

Pokebunny Terran 

Build Orders: Reaper Expand, MMM Bio 

Get SALT Encoding   

  12  0:00  SCV  
  13  0:13  SCV  
  14  0:17  Supply Depot  
  14  0:25  SCV  
  15  0:39  SCV  
  15  0:40  Barracks  
  16  0:44  Refinery  
  16  0:51  SCV  
  17  1:03  SCV  
  18  1:15  SCV  
  19  1:27  Orbital Command, Reaper  
  20  1:40  Command Center  
  20  1:53  Supply Depot, SCV  
  21  1:59  Barracks Reactor  
  21  2:05  SCV  
  21  2:07  Barracks  
  22  2:15  Barracks  
  22  2:18  SCV  
  23  2:31  SCV  
  24  2:38  Refinery  
  24  2:39  Marine  
  24  2:40  Marine  
  24  2:43  SCV  
  27  2:53  Orbital Command  
  27  2:55  Barracks Tech Lab  
  27  2:57  Factory, SCV  
  28  3:00  Marine  
  28  3:03  Marine  
  30  3:06  Marine  
  30  3:12  SCV  
  32  3:15  Marine, Stimpack  
  32  3:18  SCV  
  34  3:20  Marine  
  34  3:22  Marine  
  34  3:26  SCV  
  37  3:31  Engineering Bay  
  37  3:32  SCV  
  38  3:35  Marine x2  
  39  3:42  Starport  
  39  3:44  Factory Reactor  
  39  3:47  SCV  
  40  3:50  Supply Depot, SCV  
  40  3:52  Marine  
  40  3:55  Marine  
  43  3:58  Supply Depot  
  43  4:01  Marine x2  
  45  4:09  SCV  
  46  4:12  SCV  
  46  4:15  Supply Depot  
  46  4:16  Marine  
  46  4:17  Marine  
  48  4:23  SCV  
  48  4:24  SCV  
  51  4:26  Medivac  
  51  4:27  Medivac  
  51  4:28  Factory Tech Lab  
  55  4:35  Marine x3  
  55  4:36  Refinery, Marine  
  59  4:48  SCV, Terran Infantry Weapons Level 1  
  59  4:49  SCV  
  61  4:53  Supply Depot  
  61  4:55  Marine x2  
  61  4:56  Marine x2  
  65  5:02  SCV  
  65  5:03  SCV  
  67  5:10  Barracks  
  67  5:11  Barracks  
  67  5:13  Marine x2  
  67  5:14  Barracks Reactor, Marine  
  70  5:31  Marine x3  
  73  5:38  Siege Tank  
  73  5:39  Medivac  
  73  5:42  Medivac  
  78  5:51  Missile Turret  
  78  5:55  Missile Turret  
  78  5:56  Missile Turret  
  78  6:04  Supply Depot  
  78  6:08  Marine, Supply Depot  
  78  6:24  Missile Turret  
  78  6:26  Siege Tank, Marine, Medivac, SCV x2  
  78  6:29  Marine x4, Supply Depot x2  
  78  6:32  Combat Shields  
  90  6:43  Terran Infantry Armor Level 1  
  90  6:44  Marine x3, Missile Turret  
  91  6:49  Marine x3  
  91  6:52  Marine, Missile Turret  
  94  7:01  Marine  
  94  7:02  Marine x2  
  94  7:07  Marine  
  94  7:08  Missile Turret  
  98  7:10  Supply Depot  
  97  7:16  Siege Tank, Medivac x2  
  104  7:30  Marine x3  
  104  7:31  Marine x3  
  105  7:49  Marine x3  
  94  7:54  Medivac  
  94  7:55  Siege Tank, Marine x2, Medivac  
  94  7:56  Marine x2  
  94  7:57  SCV x2  
  100  8:07  Marine x3  
  100  8:10  Supply Depot  
  100  8:11  Supply Depot  
  103  8:13  Marine x2  
  103  8:14  Marine x2  
  103  8:19  Liberator, Supply Depot  
  107  8:24  Marine  
  107  8:25  Marine  
  109  8:28  Liberator  
  87  8:36  Siege Tank  
  87  8:40  Marine x3  
  93  8:41  Marine x2  
  98  8:52  Marine x2  
  100  8:58  Marine x2  
  100  9:00  Marine x2  
  100  9:01  Marine  
  102  9:10  Marine x2  
  102  9:16  Marine x2  
  100  9:18  Marine x2  
  100  9:19  Marine  
  100  9:23  Liberator x2  
  101  9:27  Marine  
  101  9:28  Marine  
  77  9:34  Marine x2  
  77  9:36  Marine  
  78  9:40  Marine  
  78  9:43  Marine  
  78  9:45  Marine x2  
  86  9:52  Marine x2  
  90  9:55  Marine  
  90  9:57  Siege Tank  
  90  9:58  Marine  
  95  10:01  Marine  
  95  10:03  Marine x2  
  98  10:09  Marine x2  
  98  10:13  Marine  
  101  10:15  Marine  
  101  10:19  Marine  
  101  10:21  Marine  
  103  10:22  Marine, Missile Turret  
  103  10:23  Bunker  
  103  10:27  Marine x2  
  106  10:29  Siege Tank  
  106  10:31  Marine  
  106  10:33  Marine  
  86  10:37  Marine  
  86  10:39  Marine  
  86  10:40  Marine  
  73  10:45  Marine x2  
  73  10:48  Marine  
  71  10:51  Marine  
  71  10:55  Marine  
  71  10:56  Marine  
  61  10:58  Marine  
  61  11:02  Siege Tank  
  61  11:03  Marine x2  
  65  11:04  Medivac  
  65  11:06  Marine  
  65  11:09  Marine  
  69  11:12  Marine  
  69  11:14  Marine  
  69  11:15  Marine  
  72  11:25  Marine x2  
  77  11:36  Supply Depot  
Show
View Real Time Build Order
Export as new Build Order

Bioice Zerg - Winner!

Build Orders: Hatch First, Muta Ling Bane 

Get SALT Encoding   

  12  0:01  Drone  
  13  0:08  Drone  
  14  0:16  Drone, Extractor  
  14  0:22  Drone, Extractor  
  14  0:27  Overlord  
  16  0:49  Hatchery  
  15  0:51  Drone  
  15  0:54  Drone  
  17  0:58  Drone  
  18  1:06  Extractor  
  17  1:14  Spawning Pool  
  17  1:17  Drone  
  17  1:20  Drone  
  18  1:28  Drone  
  19  1:38  Overlord  
  19  1:52  Drone  
  20  2:00  Queen  
  20  2:01  Queen  
  24  2:02  Zergling x4  
  24  2:06  Metabolic Boost  
  26  2:10  Drone  
  26  2:13  Drone  
  28  2:21  Drone  
  29  2:23  Overlord  
  29  2:34  Drone  
  32  2:40  Drone  
  32  2:43  Drone  
  32  2:45  Lair  
  32  2:48  Drone  
  32  2:50  Queen  
  35  2:56  Overlord  
  35  2:58  Extractor  
  35  2:59  Drone  
  35  3:07  Zergling x2  
  35  3:12  Drone x3  
  39  3:14  Drone x2  
  39  3:15  Drone  
  39  3:17  Drone  
  44  3:20  Drone  
  44  3:24  Overlord  
  44  3:31  Drone  
  44  3:32  Drone  
  46  3:40  Drone  
  47  3:41  Extractor  
  47  3:43  Extractor  
  47  3:46  Drone x3  
  47  3:47  Spire  
  47  3:48  Drone  
  47  3:50  Drone  
  49  3:57  Overlord  
  49  3:58  Drone  
  49  3:59  Drone  
  50  4:06  Drone  
  50  4:08  Drone  
  52  4:13  Overlord  
  52  4:14  Drone  
  52  4:15  Drone x4  
  57  4:28  Hatchery  
  56  4:33  Spore Crawler  
  56  4:34  Spore Crawler  
  56  4:36  Zergling x4  
  56  4:37  Zergling x2  
  57  4:39  Zergling x2  
  57  4:43  Overlord  
  58  4:51  Overlord  
  58  5:01  Mutalisk  
  58  5:02  Mutalisk x4  
  58  5:04  Mutalisk  
  70  5:11  Mutalisk  
  70  5:13  Mutalisk  
  74  5:20  Zergling x6  
  77  5:22  Baneling Nest  
  77  5:25  Overlord  
  76  5:30  Overlord x2  
  70  5:46  Zergling x8  
  70  5:49  Mutalisk x3  
  76  5:53  Zergling x4  
  82  6:03  Hatchery  
  81  6:05  Baneling x7  
  79  6:19  Centrifical Hooks  
  79  6:20  Drone x2  
  79  6:23  Drone x3  
  79  6:24  Evolution Chamber  
  79  6:25  Evolution Chamber  
  82  6:26  Drone  
  82  6:28  Drone  
  82  6:29  Drone  
  85  6:35  Drone x3  
  85  6:39  Baneling x2  
  88  6:43  Zergling x4  
  90  6:48  Zergling x2  
  90  6:49  Zergling x4  
  90  6:52  Zerg Melee Weapons Level 1  
  93  7:00  Zerg Ground Armor Level 1  
  93  7:01  Zerg Flyer Armor Level 1  
  87  7:06  Zergling x10  
  92  7:14  Zergling x4  
  94  7:17  Baneling x7  
  94  7:18  Baneling x3  
  94  7:20  Zergling x4  
  96  7:26  Zergling x4  
  96  7:27  Zergling x4  
  96  7:28  Zergling x2  
  96  7:29  Overseer  
  101  7:32  Baneling x4  
  101  7:33  Baneling  
  101  7:38  Zergling x4  
  87  7:54  Zergling x2  
  87  7:55  Zergling x14  
  87  7:57  Baneling x2  
  88  7:59  Baneling x5  
  88  8:01  Zergling x4  
  90  8:13  Baneling x2  
  90  8:14  Baneling  
  90  8:15  Baneling x6  
  90  8:17  Zergling x10  
  95  8:22  Zergling x2  
  77  8:36  Zergling x2  
  77  8:37  Zergling x8  
  77  8:38  Baneling x8  
  77  8:39  Baneling x2  
  77  8:40  Zergling x2  
  83  8:44  Zergling x24  
  95  8:50  Baneling  
  95  8:52  Zergling x4  
  97  8:59  Zergling x2  
  97  9:00  Zergling x2  
  97  9:01  Baneling x5  
  97  9:02  Baneling x2  
  95  9:15  Zergling x2  
  95  9:16  Zergling x22  
  94  9:26  Zergling x2  
  94  9:27  Zergling x4  
  92  9:36  Mutalisk  
  92  9:37  Mutalisk x2  
  98  9:50  Extractor  
  98  9:51  Extractor  
  98  9:52  Zergling x2  
  97  9:53  Zergling x6, Baneling  
  100  10:06  Hatchery  
  99  10:08  Zergling x10  
  99  10:12  Baneling x6  
  99  10:13  Zergling x4  
  106  10:16  Overlord x5  
  85  10:36  Zergling x16  
  91  10:46  Mutalisk x2  
  91  10:47  Mutalisk x2  
  89  11:04  Mutalisk x3  
  94  11:13  Zergling x16  
  102  11:19  Baneling x12  
  102  11:21  Overseer  
  102  11:25  Drone x4  
  106  11:33  Baneling  
  106  11:34  Baneling x8  
Tags
 
Add a new tag
Caveats
  • Supply blocks, unpowered buildings, or Contaminate may cause inaccurate times.
  • Supply counts are checked every 10 seconds.